 Dungeon Crawl Stone Soup version 0.24.0-1-gfbc8707 (webtiles) character file.

Game seed: 1229585883663251028, levelgen mode: deterministic

157 Faca the Cutter (level 5, -6/37 HPs)
             Began as a Halfling Abyssal Knight on Oct 28, 2019.
             Was a Believer of Lugonu.
             Mangled by an orc wizard
             ... wielding a +2 dagger of electrocution
              (17 damage)
             ... on level 3 of the Dungeon.
             The game lasted 00:07:10 (3157 turns).

Faca the Cutter (Halfling Abyssal Knight)           Turns: 3157, Time: 00:07:11

Health: -6/37      AC:  5    Str: 13 (14) XL:     5   Next: 66%
Magic:  6/6        EV: 12    Int:  8 (10) God:    Lugonu [**....]
Gold:   120        SH:  0    Dex: 12 (14) Spells: 4/4 levels left

rFire    + . .     SeeInvis .   a - +1 short sword
rCold    . . .     Gourm    .   (shield restricted)
rNeg     . . .     Faith    .   r - +0 ring mail
rPois    .         Spirit   .   (no helmet)
rElec    .         Reflect  .   (no cloak)
rCorr    .         Harm     .   (no gloves)
MR       .....                  (no boots)
Stlth    +.........             (no amulet)
HPRegen  0.12/turn              j - ring of protection from fire
MPRegen  0.10/turn              (no ring)

@: no status effects
A: small, mutation resistance 1
a: Depart the Abyss, Bend Space, Renounce Religion


You were on level 3 of the Dungeon.
You worshipped Lugonu.
Lugonu was pleased with you.
You were very hungry.

You visited 1 branch of the dungeon, and saw 3 of its levels.
You visited the Abyss 1 time.

You collected 120 gold pieces.

Inventory:

Hand Weapons
 a - a +1 short sword (weapon)
 m - a +0 hunting sling
Missiles
 b - 41 sling bullets
 g - 137 stones (quivered)
Armour
 r - a +0 ring mail (worn)
Jewellery
 j - a ring of protection from fire (left hand)
Scrolls
 e - 3 scrolls of teleportation
 f - a scroll of noise {unknown}
 h - a scroll of enchant armour
 n - a scroll of fog {unknown}
 o - a scroll of blinking
 u - 2 scrolls of fear
Potions
 d - a potion of brilliance {unknown}
Comestibles
 c - 5 rations


   Skills:
 + Level 4.2 Fighting
 + Level 4.9 Short Blades
 - Level 2.1 Armour
 - Level 1.1 Dodging
 - Level 2.0 Invocations


You had 4 spell levels left.
You didn't know any spells.
Your spell library was empty.

Dungeon Overview and Level Annotations

Branches:
Dungeon (3/15)

Altars:
Makhleb
Uskayaw


Innate Abilities, Weirdness & Mutations

You are small and have problems with some larger weapons.
You are somewhat resistant to further mutation.


Message History

The orc wizard is lightly wounded.
The orc wizard hits you with a +2 dagger of electrocution.
You closely miss the orc wizard.
The orc wizard is lightly wounded.
The orc wizard hits you with a +2 dagger of electrocution.
You are electrocuted!
You closely miss the orc wizard.
The orc wizard is lightly wounded.
The orc wizard closely misses you.
The orc wizard points at you and mumbles some strange words.
You resist with some effort.
You hit the orc wizard.
The orc wizard is lightly wounded.
The orc wizard hits you with a +2 dagger of electrocution.
You hit the orc wizard but do no damage.
The orc wizard is lightly wounded.
The orc wizard hits you with a +2 dagger of electrocution.
* * * LOW HITPOINT WARNING * * *
You are electrocuted!
You die...

#.## #.# ##.###########.#
.#.## #.# #..##..........#
###.###.####.>...##########
# ##..........####
###.##.######....#
.#.###.## ####.# #.## #..#
###.## ### ##.######≈§o.#
####§#⌠##≈@.# # #§§≈≈≈#§..#
#### #########≈§§.≈#§..#
.....
.......#§≈...≈#§..####..#
.#####.##§._.§'.........#.#
....##.#⌠≈...§#≈..........#
.#.....##≈...§#§...........
.......##§≈≈≈§#≈.§#####....
#......###⌠#§##≈..# <##


You could see an orc wizard.

Vanquished Creatures
  Ijyb (D:2)
  3 gnolls (D:2)
  4 adders
  4 dart slugs (D:1)
  2 leopard geckos
  4 orcs (D:3)
  3 giant cockroaches
  6 goblins
  4 hobgoblins
  2 jackals (D:2)
  3 quokkas
  2 ball pythons
  5 bats
  5 frilled lizards
  6 kobolds
  7 rats
61 creatures vanquished.

Notes
Turn   | Place    | Note
-------+----------+-------------------------------------------
     0 | Abyss:1  | Faca the Halfling Abyssal Knight began the quest for the
                  | Orb.
     0 | Abyss:1  | Reached XP level 1. HP: 15/15 MP: 2/2
     8 | D:1      | Escaped the Abyss
   128 | D:1      | Reached XP level 2. HP: 13/20 MP: 3/3
   616 | D:1      | Reached XP level 3. HP: 25/26 MP: 4/4
   783 | D:1      | Reached ** piety under Lugonu
  1316 | D:2      | Reached XP level 4. HP: 29/31 MP: 5/5
  1907 | D:2      | Reached XP level 5. HP: 37/37 MP: 6/6
  2118 | D:2      | Found a hide-covered altar of Uskayaw.
  2118 | D:2      | Noticed a +0 dagger
  2118 | D:2      | Noticed a +0 dagger
  2179 | D:3      | Noticed Ijyb
  2218 | D:2      | Killed Ijyb
  2555 | D:3      | Found a burning altar of Makhleb.
  2682 | D:3      | HP: 1/37 [orc wizard/magic dart (2)]
  3157 | D:3      | Mangled by an orc wizard

Levels and vault maps discovered:
D:1:      dpeg_arrival_oval, layout_basic
D:2:      layout_rooms, dancing_weapons_uskayaw
D:3:      layout_loops_cross, lightli_temple_of_fire, lemuel_crystal_altar,
          gammafunk_temple_overflow_pools, first_ration, uniq_ijyb, uniq_natasha

Skill      XL: |  1  2  3  4  5 |
---------------+----------------+-----
Fighting       | 3 4 |  4.2
Short Blades   | 3 4 |  4.9
Armour         | |  2.1
Dodging        | |  1.1
Invocations    | |  2.0

Action                   |  1- 3 |  4- 6 || total
-------------------------+-------+-------++-------
Melee: Short sword       |   126 |   168 ||   294
Invok: Bend Space        |       |     1 ||     1
  Use: Scroll            |       |     7 ||     7
       Potion            |       |     4 ||     4
  Eat: Chunk             |     1 |     5 ||     6
Armor: Leather armour    |    28 |    12 ||    40
       Ring mail         |       |    16 ||    16
Dodge: Dodged            |    83 |   118 ||   201
